Unix NetHack Version 5.0.0-0 post-release - last build May  3 2026 23:40:34 (9823c992c0763bbd039eca2974112f46eaf799b3,branch:main).

Game began 2026-05-04 12:46:00, ended 2026-05-04 12:51:52.

Enigmic, lawful female dwarven Valkyrie

                                                              `
                                                           ---.
                                                            ...
                                                   -- ------...
                                                   |...|@(..(..
                                                   |...o.).|.|.
                                                   |...|...|.|
                                                   |.. |...|.|`
                                                   --|---....|.
                                               `.............|.
                                                   -- ---.--......
                                                        .. |`|..<.
                                                       |..   |....
                                                       |..  .#.
                                                       |...|.|.
                                                       ----- |.
                                                             |.
                                                             -.
                                                              .

Enigmic the Skirmisher      St:16 Dx:10 Co:19 In:8 Wi:8 Ch:12  Lawful
Dlvl:6  $:24 HP:0(38) Pw:3(3) AC:6  Xp:3 T:1302 

Latest messages:
 You swap places with the peaceful dwarf.
 You swap places with the peaceful gnome.
 You swap places with the peaceful gnome.
 The giant bat bites!
 The giant bat bites!
 The giant bat bites!
 You hit the giant bat.
 The giant bat bites!
 The giant bat bites!
 You miss the giant bat.
 The giant bat bites!
 The giant bat bites!
 You kill the giant bat!
 You hear crashing rock.
 You hear crashing rock.
 You see here a fortune cookie.
 There is a fortune cookie here; eat it? [ynq] (n) y
 This fortune cookie is delicious!
 This cookie has a scrap of paper inside.
 It reads:
 They say that a gelatinous cube makes a healthy breakfast.
 You see here a whistle.
 You see here a whistle.
 You hear crashing rock.
 You see here a whistle.
 y - a whistle.
 What do you want to use or apply? [ny or ?*] y
 You produce a strange whistling sound.
 You descend the stairs.
 You descend the stairs.
 Pick a monster, object or location.
 The orc-captain shoots 2 poisoned orcish arrows!
 You are hit by the 1st poisoned orcish arrow.
 You are hit by the 2nd poisoned orcish arrow.
 You feel weaker!
 The orc-captain shoots a poisoned orcish arrow!
 You are hit by a poisoned orcish arrow.
 You feel weaker!
 You miss the orc-captain.
 The orc-captain wields a scimitar!
 You miss the orc-captain.
 The orc-captain swings his scimitar.
 The orc-captain hits!
 The orc-captain swings his scimitar.
 The orc-captain hits again!
 You miss the orc-captain.
 The orc-captain swings his scimitar.
 The orc-captain hits!
 You die...
 Do you want your possessions identified? [ynq] (y) q

Inventory:
 Coins    ('$')
  $ - 24 gold pieces
 Weapons  (')')
  b - a +0 dagger (alternate weapon; not wielded)
  a - a +1 dwarvish spear (weapon in right hand)
 Armor    ('[')
  c - an uncursed +3 small shield (being worn)
 Comestibles  ('%')
  d - 3 uncursed food rations
  f - an uncursed lichen corpse
 Scrolls  ('?')
  m - an uncursed scroll of charging
  l - an uncursed scroll of enchant armor
  s - an uncursed scroll of identify
  r - an uncursed scroll of punishment
 Potions  ('!')
  g - a cursed potion of healing
  i - an uncursed potion of sleeping
 Rings    ('=')
  o - a cursed -2 ring of increase accuracy
 Tools    ('(')
  y - an uncursed magic whistle
  n - an uncursed skeleton key
 Gems/Stones  ('*')
  x - a cursed sapphire
  e - 2 uncursed worthless pieces of black glass
  t - an uncursed worthless piece of blue glass
  k - 4 uncursed worthless pieces of green glass
  u - a cursed worthless piece of green glass
  w - an uncursed worthless piece of white glass
  p - 2 uncursed worthless pieces of yellow glass

Enigmic the Valkyrie's attributes:

Background:
 You were a Skirmisher, a level 3 dwarven Valkyrie.
 You were lawful, nominally on a mission for Tyr
 who was opposed by Odin (neutral) and Loki (chaotic).
 You were right-handed.
 You were in the Gnomish Mines, on level 6.
 You entered the dungeon 1302 turns ago.
 There was a full moon in effect when your adventure ended.
 You had 77 experience points, 3 more were needed to attain level 4.

Basics:
 You had 0 out of 38 hit points.
 You had all 3 energy points (spell power).
 Your armor class was 6.
 Your wallet contained 24 zorkmids.
 Autopickup was off.

Final Characteristics:
 Your strength was 16 (peak:18, limit:18/100).
 Your dexterity was 10 (limit:20).
 Your constitution was 19 (limit:20).
 Your intelligence was 8 (limit:16).
 Your wisdom was 8 (limit:16).
 Your charisma was 12 (limit:16).

Final Status:
 You weren't hungry.
 You were unencumbered.
 You were wielding a spear.
 You had basic skill with spear.

Final Attributes:
 You were devoutly aligned.
 You were cold resistant.
 You were telepathic.
 You had infravision.
 You were stealthy.
 You were lucky.
 You are dead.

Miscellaneous:
 You encountered 1 bones level.
 Total elapsed playing time was 5 minutes and 52 seconds.

Major events:
 Turn
    1: Enigmic the lawful dwarven Valkyrie entered the dungeon
  565: entered the Gnomish Mines
  648: attained the rank of Skirmisher (level 3)
 1287: reached Mine Town
 1302: killed by an orc-captain

You didn't know any spells.

Skills:
 Fighting Skills
   bare handed combat [Unskilled]
   two weapon combat  [Unskilled]
   riding             [Unskilled]
 Weapon Skills
   dagger             [Basic]
   axe                [Unskilled]
   pick-axe           [Unskilled]
   short sword        [Unskilled]
   broadsword         [Unskilled]
   long sword         [Unskilled]
   two-handed sword   [Unskilled]
   saber              [Unskilled]
   hammer             [Unskilled]
   quarterstaff       [Unskilled]
   polearms           [Unskilled]
   spear              [Basic]
   trident            [Unskilled]
   lance              [Unskilled]
   sling              [Unskilled]
 Spellcasting Skills
   attack spells      [Unskilled]
   escape spells      [Unskilled]

Voluntary challenges:
 Character rerolling was not enabled.
 You were an atheist.
 You never genocided any monsters.
 You never polymorphed an object.
 You never changed form.
 You used no wishes.
Achievements:
 You entered the Gnomish Mines.
 You attained the rank of Skirmisher.
 You entered Minetown.

 The Dungeons of Doom: levels 1 to 2
    Level 1:
       Some fountains, a grave.
    Level 2:
       Stairs down to The Gnomish Mines.
 The Gnomish Mines: levels 3 to 6
    Level 3:
    Level 4:
    Level 5:
    Level 6: <- You were here.
       Final resting place for
          you, killed by an orc-captain,
          haexwise-Arc-Hum-Mal-Neu, killed by a dwarf lord.


Vanquished creatures:
  a floating eye
  a giant bat
  a coyote
  a large kobold
  2 giant rats
  a brown mold
  3 geckos
  a kobold
  a goblin
  3 sewer rats
  a grid bug
  a bat
  3 lichens
  2 newts
22 creatures vanquished.

No species were genocided or became extinct.

Game over:
                       ----------
                      /          \
                     /    REST    \
                    /      IN      \
                   /     PEACE      \
                  /                  \
                  |     Enigmic      |
                  |      24 Au       |
                  |   killed by an   |
                  |   orc-captain    |
                  |                  |
                  |                  |
                  |       2026       |
                 *|     *  *  *      | *
        _________)/\\_//(\/(/\)/\//\/|_)_______

Farvel Enigmic the Valkyrie...

You died in The Gnomish Mines on dungeon level 6 with 580 points,
and 24 pieces of gold, after 1302 moves.
You were level 3 with a maximum of 38 hit points when you died.

